 Dungeon Crawl Stone Soup version 0.17-a0-977-g4154171 (webtiles) character file.

366 boffreak the Cudgeler (level 6, 0/61 HPs)
             Began as a Naga Fighter on May 10, 2015.
             Slain by an orc
             ... wielding a +0 morningstar
              (4 damage)
             ... on level 4 of the Dungeon.
             The game lasted 00:02:24 (2883 turns).

boffreak the Cudgeler (Naga Fighter)                Turns: 2883, Time: 00:02:24

Health: 0/61       AC:  6    Str: 20    XL:     6   Next: 68%
Magic:  6/6        EV: 11    Int:  9    God:
Gold:   74         SH:  9    Dex: 13    Spells: 0 memorised, 5 levels left

rFire  . . .     SeeInvis +     a - +0 flail
rCold  . . .     Clarity  .     b - +0 scale mail
rNeg   . . .     SustAb   .     c - +0 shield
rPois  +         Gourm    .     (no helmet)
rElec  .         Spirit   .     (no cloak)
rCorr  .         Warding  .     (no gloves)
rMut   .         Stasis   .     (no barding)
MR     +....                    (no amulet)
Stlth  +.........               (no ring)
                                (no ring)

@: agile, very slow, somewhat resistant to hostile enchantments, very unstealthy
A: see invisible, clumsy 1, deformed body, magic resistance 1, poison
resistance, robust 1, slowness 2, slow metabolism 1, spit poison 2, AC +2
a: Spit Poison


You were on level 4 of the Dungeon.
You were very hungry.

You visited 1 branch of the dungeon, and saw 4 of its levels.

You collected 74 gold pieces.

Inventory:

Hand weapons
 a - a +0 flail (weapon)
Armour
 b - a +0 scale mail (worn)
 c - a +0 shield (worn)
Jewellery
 q - an uncursed ring of ice {unknown}
Scrolls
 j - 2 scrolls of fear {unknown}
 k - a scroll of blinking {unknown}
 m - 7 scrolls of identify {unknown}
 o - 2 scrolls of remove curse
 t - a scroll of random uselessness {unknown}
Potions
 d - a potion of might
 f - a potion of agility
 h - a potion of curing {unknown}
 i - a potion of flight {unknown}
Comestibles
 e - 2 bread rations
 l - a meat ration
 n - 8 fruits
 p - a beef jerky
 r - a slice of pizza


   Skills:
 - Level 3.0 Fighting
 * Level 5.1 Maces & Flails
 + Level 3.7 Armour
 + Level 2.2 Dodging
 - Level 2.4 Shields


You had 5 spell levels left.
You didn't know any spells.

Dungeon Overview and Level Annotations

Branches:
Dungeon (4/15)
 Temple: D:4-7

Altars:
Qazlal


Innate Abilities, Weirdness & Mutations

You cannot wear boots.
Your serpentine skin is tough (AC +2).
You have supernaturally acute eyesight.
Armour fits poorly on your strangely shaped body.
Your system is resistant to poisons.
You cover ground very slowly.
You have a slow metabolism.
You can spit poison.
You are clumsy. (Dex -2)
You are resistant to hostile enchantments.
You are robust (+10% HP).


Message History

You take 2 damage, and have 10/56 hp.
You block the orc's attack. The orc hits you.
* * * LOW HITPOINT WARNING * * *
A hound comes into view.
You take 2 damage, and have 9/56 hp.
The orc barely misses you. The orc hits you with a morningstar.
* * * LOW HITPOINT WARNING * * *
You take 6 damage, and have 3/56 hp.
You see here a hound corpse.
Drink which item? (? for menu, Esc to quit)
It was a potion of agility.
You feel agile all of a sudden. The orc hits you but does no damage.
The orc barely misses you.
Drink which item? (? for menu, Esc to quit)
It was a potion of mutation.
You feel extremely strange.
You feel clumsy.
You feel robust.
You feel resistant to hostile enchantments.
The orc misses you. The orc hits you with a morningstar.
You die...

#####.###....#.#.......#
#..##....#.#...#####
##.........#.#.#
###......##.#..#
####...##.##.#
#.........##.#
###........# #..oo....#
#...@....# #........#
#...)....###
##((<....... #[###..####
#(# ..# #.# ...# #.#
..... #.. ...##


You could see 2 orcs.

Vanquished Creatures
  An ogre (D:4)
  The ghost of asdu the Caller, a weakling DESu (D:4)
  An orc priest (D:4)
  A hound (D:4)
  A giant frog skeleton (D:4)
  2 orc wizards
  A worker ant (D:4)
  2 adders (D:3)
  An ooze (D:1)
  A worm (D:2)
  11 orcs
  10 bats
  3 giant cockroaches
  4 goblins
  4 hobgoblins
  5 kobolds
  2 giant geckos
  4 giant newts (D:1)
  7 rats
62 creatures vanquished.

Vanquished Creatures (others)
  A bat (D:4)
1 creature vanquished.

Grand Total: 63 creatures vanquished

Notes
Turn   | Place    | Note
--------------------------------------------------------------
     0 | D:1      | boffreak, the Naga Fighter, began the quest for the Orb.
     0 | D:1      | Reached XP level 1. HP: 21/21 MP: 1/1
    83 | D:1      | Reached XP level 2. HP: 28/28 MP: 2/2
   365 | D:1      | Reached XP level 3. HP: 29/34 MP: 3/3
  1523 | D:3      | Found a stormy altar of Qazlal.
  1682 | D:3      | Reached skill level 1 in Dodging
  1705 | D:3      | Reached XP level 4. HP: 25/42 MP: 4/4
  2244 | D:4      | Reached XP level 5. HP: 44/49 MP: 5/5
  2252 | D:4      | Reached skill level 4 in Maces & Flails
  2273 | D:4      | Noticed an ogre
  2481 | D:4      | Killed an ogre
  2481 | D:4      | Reached XP level 6. HP: 6/56 MP: 6/6
  2761 | D:4      | Noticed asdu's ghost (weakling DESu)
  2794 | D:4      | Killed asdu's ghost
  2794 | D:4      | Reached skill level 5 in Maces & Flails
  2883 | D:4      | Gained mutation: You are clumsy. (Dex -2) [potion of mutation]
  2883 | D:4      | Gained mutation: You are robust (+10% HP). [potion of mutation]
  2883 | D:4      | Gained mutation: You are resistant to hostile enchantments. [potion of mutation]
  2883 | D:4      | Slain by an orc

Vault maps used:
D:1:      tarquinn_simple_flora_water_b, minmay_quantized
D:3:      kennysheep_big_flooded_room, lemuel_round_altar, first_bread
D:4:      lemuel_blue_sif_altar

Action                   |  1- 3 |  4- 6 || total
-------------------------+-------+-------++-------
Melee: Flail             |   122 |   119 ||   241
  Use: Scroll            |     1 |       ||     1
       Potion            |       |     3 ||     3
  Eat: Chunk             |     2 |     2 ||     4
